 Dungeon Crawl Stone Soup version 0.30-a0-989-g0d87f670db (webtiles) character file.

Game seed: 4756498035941766025

424 kklluuttzz the Shooter (level 7, -2/48 HPs)
             Began as a Formicid Hexslinger on Apr 3, 2023.
             Slain by a black bear (12 damage)
             ... on level 5 of the Dungeon.
             The game lasted 00:09:30 (4367 turns).

kklluuttzz the Shooter (Formicid Hexslinger)        Turns: 4367, Time: 00:09:30

Health: -2/48      AC:  2    Str: 15    XL:     7   Next: 17%
Magic:  8/8        EV: 11    Int: 26    God:
Gold:   51         SH:  4    Dex: 14    Spells: 4/8 levels left

rFire   . . .      SeeInvis +    b - +1 dagger (venom)
rCold   . . .      Faith    .    i - +0 buckler
rNeg    . . .      Spirit   .    c - +0 robe
rPois   .          Reflect  .    (helmet unavailable)
rElec   .          Rampage  .    (no cloak)
rCorr   .                        (no gloves)
Will    .....                    (no boots)
Stlth   +                        (no amulet)
HPRegen 0.28/turn                d - +6 ring of intelligence
MPRegen 0.11/turn                p - +6 ring of intelligence

@: no status effects
A: permanent stasis, dig shafts and tunnels, antennae 3, four strong arms
a: Dig, Shaft Self


You were on level 5 of the Dungeon.
You visited 1 branch of the dungeon, and saw 5 of its levels.

You collected 171 gold pieces.
You spent 120 gold pieces at shops.

Inventory:

Hand Weapons
 a - a +1 sling
 b - a +1 dagger of venom (weapon)
Missiles
 t - 13 poisoned darts
 A - 3 javelins
Armour
 c - a +0 robe (worn)
 i - a +0 buckler (worn)
Jewellery
 d - a +6 ring of intelligence (left hand)
 p - a +6 ring of intelligence (right hand)
 s - a ring of fire
 w - an amulet of faith
Wands
 o - a wand of flame (17)
 y - a wand of quicksilver (4)
 z - a wand of paralysis (6)
Scrolls
 e - 3 scrolls of poison
 f - a scroll of enchant weapon
 g - a scroll of identify
 k - a scroll of brand weapon
 n - a scroll of fear {unknown}
 q - a scroll of immolation {unknown}
 v - a scroll of magic mapping {unknown}
Potions
 l - a potion of cancellation
 u - 2 potions of might
 x - a potion of curing


   Skills:
 - Level 1.1 Fighting
 + Level 7.0 Ranged Weapons
 - Level 1.7 Dodging
 + Level 1.7 Shields
 - Level 1.1 Spellcasting
 + Level 3.7 Hexes


You had 4 spell levels left.
You knew the following spells:

 Your Spells              Type           Power      Damage    Failure   Level
a - Slow                  Hex            84%        N/A       3%          1
b - Portal Projectile     Hex/Tloc       22%        N/A       21%         3

Your spell library contained the following spells:

 Spells                   Type           Power      Damage    Failure   Level
 Inner Flame              Hex/Fire       11%        N/A       21%         3
 Cause Fear               Hex            10%        N/A       30%         4
 Ignite Poison            Fire/Tmut/Pois 1%         N/A       38%         3
 Kindle Blastsparks       Fire/Tloc/Air  2%         2d10      38%         3
 Freezing Cloud           Conj/Ice/Air   0%         6-21      98%         5


Dungeon Overview and Level Annotations

Branches:
Dungeon (5/15)
 Temple: D:4-7

Altars:
Elyvilon
Fedhas
Qazlal
Xom
Yredelemnul

Shops:
D:1 *?!(


Innate Abilities, Weirdness & Mutations

You cannot be hasted, slowed, berserked, paralysed or teleported.
You can dig through walls and to a lower floor.
You have a pair of large antennae on your head. (SInv)
Your four strong arms can wield two-handed weapons with a shield.


Message History

You barely miss the black bear.
The black bear is lightly wounded.
The black bear bites you. The black bear barely misses you.
You block the black bear's attack.
You hit the black bear but do no damage.
The black bear is poisoned.
The black bear is lightly wounded.
The black bear bites you.
The black bear claws you but does no damage.
The black bear closely misses you.
You hit the black bear but do no damage.
The black bear looks even sicker.
The black bear is lightly wounded.
You hit the black bear.
The black bear is moderately wounded.
The black bear bites you! The black bear barely misses you.
The black bear claws you.
You are too injured to fight recklessly!
You are too injured to fight recklessly!
You are too injured to fight recklessly!
You hit the black bear.
The black bear looks as sick as possible!
The black bear is heavily wounded.
The black bear shakes off its lethargy.
The black bear goes berserk!
The black bear attacks as you move away!
The black bear bites you. The black bear closely misses you.
The black bear claws you.
The black bear rages.
The black bear closely misses you. You block the black bear's attack. x2
You hit the black bear but do no damage.
The black bear looks as sick as possible!
The black bear is severely wounded.
The black bear bites you!
* * * LOW HITPOINT WARNING * * *
The black bear barely misses you. The black bear closely misses you.
The black bear barely misses you. You block the black bear's attack.
The black bear claws you!
* * * LOW HITPOINT WARNING * * *
You feel better. The black bear bites you!
You die...

...).#######...##.##
#.# ##...##
##.<....#..#
#......###
#(####....#
.h........ #.#
###.## ....###.####
... #.........# #...
##..##.##.........#
##....####.... ..#
##...@.# ... .#
##..###h#######.
.................
###..#####.<######
#.# ##..# #. #... ..
...# #. ..... ....#


You could see a black bear (berserk, extremely poisoned).

Vanquished Creatures
  A phantom (D:4)
  A scorpion (D:4)
  3 jellies
  Jessica (D:2)
  5 gnolls
  3 adders
  A white imp (D:4)
  3 dart slugs
  9 orcs
  7 bats
  7 endoplasms
  3 giant cockroaches
  13 goblins
  4 hobgoblins
  5 kobolds
  2 quokkas
  10 ball pythons
  2 frilled lizards (D:1)
  9 rats
89 creatures vanquished.

Vanquished Creatures (others)
  5 plants (D:3)
5 creatures vanquished.

Grand Total: 94 creatures vanquished

Notes
Turn   | Place    | Note
-------+----------+-------------------------------------------
     0 | D:1      | kklluuttzz the Formicid Hexslinger began the quest for the
                  | Orb.
     0 | D:1      | Reached XP level 1. HP: 15/15 MP: 2/2
    51 | D:1      | Reached XP level 2. HP: 21/21 MP: 3/3
    58 | D:1      | Found Dyhihaol's Magic Scroll Shop.
    65 | D:1      | Found Umoemalu's Distillery.
   329 | D:1      | Reached skill level 3 in Ranged Weapons
   329 | D:1      | Reached XP level 3. HP: 26/26 MP: 4/4
   419 | D:1      | Found Unun's Antique Weapon Emporium.
   540 | D:1      | Found Diotim's General Store.
   843 | D:2      | Noticed Jessica
   847 | D:2      | Killed Jessica
   848 | D:2      | Reached skill level 4 in Ranged Weapons
   848 | D:2      | Reached XP level 4. HP: 22/32 MP: 3/5
   922 | D:2      | Learned a level 3 spell: Portal Projectile
  1066 | D:2      | Found a shimmering altar of Xom.
  1997 | D:3      | Reached XP level 5. HP: 33/37 MP: 6/6
  2318 | D:3      | Reached skill level 5 in Ranged Weapons
  2372 | D:3      | Reached skill level 1 in Shields
  2753 | D:4      | Found a basalt altar of Yredelemnul.
  2770 | D:4      | Noticed a phantom
  2801 | D:4      | Killed a phantom
  2802 | D:4      | Reached XP level 6. HP: 29/43 MP: 7/7
  2926 | D:4      | Found a white marble altar of Elyvilon.
  3062 | D:4      | Reached skill level 6 in Ranged Weapons
  3148 | D:4      | Found a stormy altar of Qazlal.
  3547 | D:4      | Found a blossoming altar of Fedhas.
  3803 | D:1      | Bought a scroll of identify for 26 gold pieces
  3803 | D:1      | Bought a scroll of identify for 26 gold pieces
  3803 | D:1      | Bought a scroll of identify for 26 gold pieces
  3823 | D:1      | Bought a potion of curing for 42 gold pieces
  3976 | D:5      | Entered Level 5 of the Dungeon
  3986 | D:5      | Noticed an ice beast
  4076 | D:5      | Reached XP level 7. HP: 45/48 MP: 8/8
  4317 | D:5      | Reached skill level 7 in Ranged Weapons
  4366 | D:5      | HP: 1/48 [black bear (7)]
  4367 | D:5      | Slain by a black bear

Illustrated notes

Levels and vault maps discovered:
D:1:      minmay_arrival_up_and_down, layout_rooms, serial_shops,
          nicolae_diamond_shop, shop_statue, nicolae_shop_hallway_stairs,
          nicolae_shop_waterfront, chequers_serial_rivers_small_3
D:2:      layout_loops_corners, basic_altar, st_stairs_10, uniq_jessica
D:3:      layout_basic, columned_hall_lemuel, kennysheep_donut,
          mrwooster_statue_mirror, grunt_ministairs_11, minmay_parallelograms,
          chequers_big_river
D:4:      layout_gridville, mainiacjoe_overflow_alcove_4,
          mainiacjoe_overflow_paths, mainiacjoe_overflow_catwalk,
          elyvilon_altar_4
D:5:      layout_rooms, grunt_dithmenos_smoke_and_mirrors, kennysheep_mini,
          lemuel_crystal_altar

Skill      XL: |  1  2  3  4  5  6  7 |
---------------+----------------------+-----
Ranged Weapons | 3 4 5 6 7 |  7.0
Shields        | 1 |  1.7
Fighting       | |  1.1
Dodging        | |  1.7
Spellcasting   | |  1.1
Hexes          | |  3.7

Action                     |  1- 3 |  4- 6 |  7- 9 || total
---------------------------+-------+-------+-------++-------
  Melee: Dagger            |       |    42 |    21 ||    63
   Fire: Sling             |    82 |   149 |    11 ||   242
   Cast: Slow              |     3 |     2 |     5 ||    10
    Use: Potion            |       |     3 |     1 ||     4
         Scroll            |       |     7 |       ||     7
 Armour: Robe              |     7 |    16 |     3 ||    26
         Skin              |       |     5 |       ||     5
  Dodge: Dodged            |    30 |    47 |    17 ||    94
  Block: Buckler           |     8 |    18 |     7 ||    33

Table legend: (Time is in decaauts)
 A = Elapsed time spent in this place.
 B = Non-inter-level travel time spent in this place.
 C = Inter-level travel time spent in this place.
 D = Time resting spent in this place.
 E = Time spent auto-exploring this place.
 F = Levels seen in this place.
 G = Mean time per level.
                   A        B        C        D        E       F      G
               +--------+--------+--------+--------+--------+-----+--------+
         Total |   4435 |   3999 |    436 |    512 |   2818 |   5 |  887.0 |
       Dungeon |   4435 |   3999 |    436 |    512 |   2818 |   5 |  887.0 |
               +--------+--------+--------+--------+--------+-----+--------+

Top non-repeatable levels by time:
     D:4: 1251 daAuts
     D:2: 1145 daAuts
     D:3: 1133 daAuts
     D:1: 687 daAuts
     D:5: 217 daAuts
